 Dungeon Crawl Stone Soup version 0.29.1-2-gbd0b4ee654 (webtiles) character file.

Game seed: 5750913702003678546

94 zeram the Caller (level 4, -1/32 HPs)
             Began as a Gnoll Summoner on Nov 18, 2022.
             Slain by an orc
             ... wielding a +0 mace
              (5 damage)
             ... on level 3 of the Dungeon.
             The game lasted 00:04:20 (2968 turns).

zeram the Caller (Gnoll Summoner)                   Turns: 2968, Time: 00:04:21

Health: -1/32      AC:  2    Str: 14    XL:     4   Next: 63%
Magic:  11/11      EV: 13    Int: 16    God:
Gold:   77         SH:  3    Dex: 12    Spells: 7/13 levels left

rFire   . . .      SeeInvis .   h - +2 dagger (vamp)
rCold   . . .      Faith    .   p - +0 buckler {reflect}
rNeg    . . .      Spirit   .   a - +0 robe
rPois   .          Reflect  +   (no helmet)
rElec   .          Harm     .   (no cloak)
rCorr   .          Rampage  .   (no gloves)
Will    .....                   (no boots)
Stlth   +++.......              (no amulet)
HPRegen 0.10/turn               n - +6 ring of strength
MPRegen 0.12/turn               (no ring)

@: no status effects
A: fangs 1, strong nose, distributed training
a: no special abilities


You were on level 3 of the Dungeon.
You visited 1 branch of the dungeon, and saw 3 of its levels.

You collected 174 gold pieces.
You spent 97 gold pieces at shops.

Inventory:

Hand Weapons
 f - a +0 vorpal club
 h - a +2 vampiric dagger (weapon)
 q - a +3 dagger of venom
Armour
 a - a +0 robe (worn)
 p - a +0 buckler of reflection (worn)
Jewellery
 c - a ring of fire
 n - a +6 ring of strength (left hand)
 r - a ring of willpower
Scrolls
 e - a scroll of silence
 k - 2 scrolls of brand weapon
 l - 3 scrolls of identify
 m - a scroll of butterflies {unknown}
 o - 3 scrolls of immolation
Potions
 b - a potion of magic
 d - a potion of flight
 g - a potion of degeneration
 i - a potion of invisibility
 j - 2 potions of curing {unknown}
 s - a potion of cancellation {unknown}


   Skills:
 + Level 1.2 Fighting
 + Level 1.2 Short Blades
 + Level 1.2 Long Blades
 + Level 1.2 Axes
 + Level 1.2 Maces & Flails
 + Level 1.2 Polearms
 + Level 1.2 Staves
 + Level 1.2 Ranged Weapons
 + Level 1.2 Throwing
 + Level 1.2 Armour
 + Level 4.7 Dodging
 + Level 4.3 Stealth
 + Level 1.2 Shields
 + Level 1.2 Unarmed Combat
 + Level 5.1 Spellcasting
 + Level 1.0 Conjurations
 + Level 1.0 Hexes
 + Level 7.1 Summonings
 + Level 1.0 Necromancy
 + Level 1.0 Translocations
 + Level 1.0 Transmutations
 + Level 1.0 Fire Magic
 + Level 1.0 Ice Magic
 + Level 1.0 Air Magic
 + Level 1.0 Earth Magic
 + Level 1.0 Poison Magic
 + Level 1.4 Invocations
 + Level 1.2 Evocations


You had 7 spell levels left.
You knew the following spells:

 Your Spells              Type           Power      Damage    Failure   Level
a - Summon Small Mammal   Summ           100%       N/A       1%          1
b - Call Imp              Summ           27%        N/A       1%          2
c - Call Canine Familiar  Summ           27%        N/A       3%          3

Your spell library contained the following spells:

 Spells                   Type           Power      Damage    Failure   Level
 Summon Guardian Golem    Hex/Summ       17%        N/A       11%         3
 Gell's Gravitas          Tloc           7%         N/A       36%         3
 Lesser Beckoning         Tloc           7%         N/A       36%         3
 Teleport Other           Tloc           7%         N/A       36%         3
 Summon Lightning Spire   Summ/Air       17%        N/A       36%         4


Dungeon Overview and Level Annotations

Branches:
Dungeon (3/15)

Altars:
Ashenzari

Shops:
D:3 *


Innate Abilities, Weirdness & Mutations

You have very sharp teeth.
Your uncanny sense of smell can sniff out nearby items.
Your experience applies equally to all skills.


Message History

Found a war axe.
An orc comes into view. It is wielding a +0 trident.
An orc is nearby!
An orc is nearby!
An orc is nearby!
An orc comes into view. It is wielding a +0 club.
The orc closely misses you.
You hit the orc.
The orc is moderately wounded.
The orc hits you with a +0 trident. The orc barely misses you.
You barely miss the orc.
The orc is moderately wounded.
The orc barely misses you.
You completely miss the orc.
The orc is moderately wounded.
The orc shouts!
You hear a shout! x2
The orc barely misses you.
An orc comes into view. It is wielding a +0 mace.
An orc comes into view. It is wielding a +0 hand axe.
You barely miss the orc.
The orc is moderately wounded.
The orc hits you with a +0 trident.
You barely miss the orc.
The orc is moderately wounded.
You barely miss the orc. You bite the orc.
The orc is heavily wounded.
The orc hits you with a +0 trident.
Unknown command.
The orc hits you from afar with a +0 trident.
The orc hits you from afar with a +0 trident.
The orc hits you with a +0 mace.
You hit the orc.
The orc is moderately wounded.
The orc barely misses you. The orc closely misses you.
You hit the orc.
You feel better.
You bite the orc, but do no damage.
The orc is severely wounded.
The orc hits you from afar with a +0 trident!
* * * LOW HITPOINT WARNING * * *
The orc hits you with a +0 mace.
You die...

######### #.......#
######## #.#####.#
#......# #.# #.#
##.####.###.### #.#
##.............# #.#
#.#...##.#..##.#.###.#
#.....o#.#..##.......#
#....ooo@...####.#####
####..#####.# #.# #.
#)# #.# # ..# #.# ##+#
### #.# ##...## ###.#
##.....## #...#
##.......######.#####
#.........#.........#


You could see 4 orcs.

Vanquished Creatures
  Jessica (D:3)
  2 adders
  A worm (D:2)
  3 ball pythons
  4 endoplasms
  3 giant cockroaches
  6 goblins
  A hobgoblin (D:3)
  2 kobolds
  A quokka (D:2)
  5 bats
  A frilled lizard (D:1)
  2 rats
32 creatures vanquished.

Vanquished Creatures (collateral kills)
  An adder (D:2)
  A giant cockroach (D:2)
  A goblin (D:1)
  A hobgoblin (D:1)
  A quokka (D:2)
  A kobold (D:1)
6 creatures vanquished.

Grand Total: 38 creatures vanquished

Notes
Turn   | Place    | Note
-------+----------+-------------------------------------------
     0 | D:1      | zeram the Gnoll Summoner began the quest for the Orb.
     0 | D:1      | Reached XP level 1. HP: 13/13 MP: 6/6
   516 | D:1      | Reached XP level 2. HP: 8/19 MP: 7/7
  1200 | D:1      | Learned a level 2 spell: Call Imp
  1345 | D:2      | Reached skill level 5 in Spellcasting
  1345 | D:2      | Reached XP level 3. HP: 8/25 MP: 7/9
  1349 | D:2      | Learned a level 3 spell: Call Canine Familiar
  1732 | D:2      | Reached skill level 1 in Invocations
  1746 | D:2      | Reached skill level 1 in Fighting
  1746 | D:2      | Reached skill level 1 in Short Blades
  1746 | D:2      | Reached skill level 1 in Long Blades
  1746 | D:2      | Reached skill level 1 in Axes
  1746 | D:2      | Reached skill level 1 in Maces & Flails
  1746 | D:2      | Reached skill level 1 in Polearms
  1746 | D:2      | Reached skill level 1 in Staves
  1746 | D:2      | Reached skill level 1 in Ranged Weapons
  1746 | D:2      | Reached skill level 1 in Throwing
  1746 | D:2      | Reached skill level 1 in Armour
  1746 | D:2      | Reached skill level 1 in Shields
  1746 | D:2      | Reached skill level 1 in Unarmed Combat
  1746 | D:2      | Reached skill level 1 in Evocations
  2044 | D:2      | Found a faded altar of an unknown god.
  2345 | D:3      | Reached XP level 4. HP: 32/32 MP: 11/11
  2421 | D:3      | Found Cutiguxt's Assorted Antiques.
  2424 | D:3      | Bought a scroll of identify for 50 gold pieces
  2424 | D:3      | Bought a bubbling inky potion for 22 gold pieces
  2424 | D:3      | Bought a scroll labelled FYDOAKHLOJU for 25 gold pieces
  2502 | D:3      | Found a broken altar of Ashenzari.
  2822 | D:3      | Noticed Jessica
  2829 | D:3      | Killed Jessica
  2830 | D:3      | Reached skill level 1 in Conjurations
  2830 | D:3      | Reached skill level 1 in Hexes
  2830 | D:3      | Reached skill level 1 in Necromancy
  2830 | D:3      | Reached skill level 1 in Translocations
  2830 | D:3      | Reached skill level 1 in Transmutations
  2830 | D:3      | Reached skill level 1 in Fire Magic
  2830 | D:3      | Reached skill level 1 in Ice Magic
  2830 | D:3      | Reached skill level 1 in Air Magic
  2830 | D:3      | Reached skill level 1 in Earth Magic
  2830 | D:3      | Reached skill level 1 in Poison Magic
  2968 | D:3      | Slain by an orc

Illustrated notes

Levels and vault maps discovered:
D:1:      dpeg_arrival_simpleton_c, layout_basic, kennysheep_another_room
D:2:      layout_rooms, shapermc_ecumenical_altar_acropolis, minmay_bisected
D:3:      layout_loops_corners, nicolae_hepliaklqana_monster_ancestors,
          mainiacjoe_overflow_cross_hatched, serial_shops,
          nicolae_shop_behind_doors, uniq_jessica

Skill      XL: |  1  2  3  4 |
---------------+-------------+-----
Spellcasting   | 5 |  5.1
Invocations    | 1 |  1.4
Fighting       | 1 |  1.2
Short Blades   | 1 |  1.2
Long Blades    | 1 |  1.2
Axes           | 1 |  1.2
Maces & Flails | 1 |  1.2
Polearms       | 1 |  1.2
Staves         | 1 |  1.2
Ranged Weapons | 1 |  1.2
Throwing       | 1 |  1.2
Armour         | 1 |  1.2
Shields        | 1 |  1.2
Unarmed Combat | 1 |  1.2
Evocations     | 1 |  1.2
Conjurations   | 1 |  1.0
Hexes          | 1 |  1.0
Necromancy     | 1 |  1.0
Translocations | 1 |  1.0
Transmutations | 1 |  1.0
Fire Magic     | 1 |  1.0
Ice Magic      | 1 |  1.0
Air Magic      | 1 |  1.0
Earth Magic    | 1 |  1.0
Poison Magic   | 1 |  1.0
Dodging        | |  4.7
Stealth        | |  4.3
Summonings     | |  7.1

Action                   |  1- 3 |  4- 6 || total
-------------------------+-------+-------++-------
Melee: Club              |    35 |       ||    35
       Unarmed           |    12 |       ||    12
       Bite              |    10 |     3 ||    13
       Dagger            |    69 |    29 ||    98
       Punch             |       |     1 ||     1
 Cast: Summon Small Mamm |     7 |       ||     7
       Call Canine Famil |     1 |       ||     1
  Use: Scroll            |     8 |     3 ||    11
 Stab: Sleeping          |     7 |     4 ||    11
Armor: Robe              |    23 |     3 ||    26
Dodge: Dodged            |    90 |    16 ||   106
